Blues vs Predators

Created - Sunday, February 28, 2016 at 04:59

Goals
1 2 3 T
Blues 0 1 0 1
Predators 0 3 0 3
Shots
1 2 3 T
Blues 8 11 7 26
Predators 1 12 8 21

1st period

No Goal

Penalties :
Danny DeKeyser (Nsh) for Goalie Interference (Minor) at 0:27, Danny DeKeyser (Nsh) for Hooking (Minor) at 6:41, Tomas Plekanec (Nsh) for Hooking (Minor) at 12:08

2nd period

1. Predators , Valtteri Filppula 24 (Tomas Plekanec) at 1:10 (PP)
2. Predators , Patrice Bergeron 25 (Valtteri Filppula, Zemgus Girgensons) at 2:25
3. Blues , Mark Stone 23 (Rick Nash) at 3:13
4. Predators , Daniel Sedin 24 (Valtteri Filppula, Tomas Plekanec) at 18:17 (PP)

Penalties :
Josh Gorges (StL) for Hooking (Minor) at 1:09, Jeremy Morin (StL) for Hooking (Minor) at 13:25, Zdeno Chara (StL) for Hooking (Minor) at 17:56

3rd period

No Goal

Penalties :
Kris Letang (StL) for Interference (Minor) at 4:50, Sean Couturier (StL) for Diving (Minor) at 8:41

Goalie Stats

Henrik Lundqvist (StL), 18 saves from 21 shots - (0.857), L, 35-16-6, 60:00 minutes
Roberto Luongo (Nsh), 25 saves from 26 shots - (0.962), W, 33-15-2, 60:00 minutes

Players Stats for Blues

Player Name              G  A  P  +/- PIM S  H  SB GA TA FO     MP     PP MP  PK MP  
------------------------------------------------------------------------------------
Anders Lee               0  0  0   0  0   1  4  1  1  0  1/9    15:41   2:46   0:00 
Artem Anisimov           0  0  0  -1  0   1  0  0  0  0  6/14   20:07   3:45   2:58 
Brandon Saad             0  0  0  -1  0   1  0  0  1  0  0/0    19:13   2:46   2:58 
Cam Atkinson             0  0  0   0  0   0  1  0  0  0  0/0    15:05   2:12   0:00 
Hampus Lindholm          0  0  0  -1  0   2  0  1  0  2  0/0    14:32   0:00   2:36 
Jeremy Morin             0  0  0   0  2   0  1  1  0  0  0/0     9:05   0:00   0:00 
Johan Franzen            0  0  0   0  0   3  1  0  2  1  1/1    14:46   0:00   0:00 
Josh Gorges              0  0  0  -1  2   2  0  0  0  2  0/0    20:10   0:00   2:35 
Kevan Miller             0  0  0   0  0   0  0  1  0  0  0/0     5:40   0:00   0:00 
Kris Letang              0  0  0   1  2   0  1  0  0  1  0/0    21:19   3:45   2:23 
Mark Fayne               0  0  0   0  0   1  1  0  0  0  0/0    14:23   0:00   0:00 
Mark Stone               1  0  1   1  0   4  3  0  1  0  0/1    18:03   3:11   1:14 
Rick Nash                0  1  1   1  0   6  3  1  0  2  0/0    20:10   3:11   3:21 
Ryan Ellis               0  0  0   0  0   1  0  0  0  1  0/0    19:05   2:12   1:42 
Scott Laughton           0  0  0   0  0   0  1  0  0  0  0/2     9:45   0:00   0:00 
Sean Couturier           0  0  0   1  2   2  2  0  0  0  7/15   18:55   3:11   2:07 
Tomas Tatar              0  0  0  -1  0   2  0  0  2  0  0/0    19:31   2:46   0:00 
Zdeno Chara              0  0  0   1  2   0  1  0  1  6  0/0    18:06   0:00   3:22 

Players Stats for Predators

Player Name              G  A  P  +/- PIM S  H  SB GA TA FO     MP     PP MP  PK MP  
------------------------------------------------------------------------------------
Andrew Cogliano          0  0  0   0  0   0  2  0  4  0  1/4    15:55   0:00   3:05 
Cal Clutterbuck          0  0  0   0  0   0  3  1  0  0  2/4    12:55   0:00   2:52 
Dan Boyle                0  0  0   0  0   0  0  1  1  0  0/0    16:39   3:30   0:00 
Daniel Sedin             1  0  1  -1  0   3  0  0  4  0  0/0    15:12   3:04   0:00 
Danny DeKeyser           0  0  0  -1  4   0  0  1  0  1  0/0    14:43   0:00   0:00 
Eric Fehr                0  0  0   0  0   0  0  2  0  0  6/8    15:55   0:00   3:05 
Evander Kane             0  0  0   0  0   4  2  2  2  1  0/0    15:23   3:15   0:00 
Marcus Kruger            0  0  0   0  0   1  0  0  2  0  6/8    12:55   0:00   2:52 
Matt Niskanen            0  0  0  -1  0   1  5  0  0  0  0/0    22:48   3:30   2:54 
Nick Schultz             0  0  0   0  0   0  1  1  0  0  0/0    16:22   0:00   3:03 
Nikolay Kulemin          0  0  0  -1  0   0  3  0  0  0  0/0    11:30   0:00   0:00 
Patrice Bergeron         1  0  1   1  0   2  2  0  2  0  4/7    15:58   3:15   0:00 
Roman Josi               0  0  0   1  0   5  2  0  0  2  0/0    25:31   2:49   2:54 
Tomas Hertl              0  0  0   0  0   3  0  0  3  0  0/0     9:45   0:00   0:00 
Tomas Plekanec           0  2  2  -1  2   0  1  1  2  1  8/10   16:06   3:04   0:00 
Trevor Daley             0  0  0   1  0   1  0  4  1  0  0/0    24:29   2:49   3:03 
Valtteri Filppula        1  2  3   1  0   1  0  0  2  0  0/0    15:56   3:04   0:00 
Zemgus Girgensons        0  1  1   1  0   0  1  0  3  0  0/1    15:58   3:15   0:00 

3 Stars

1 - Valtteri Filppula (Nsh)
2 - Roberto Luongo (Nsh)
3 - Mark Stone (StL)

Power Play

Blues - 0 on 3 Attempt(s) - 0.00%
Predators - 2 on 5 Attempt(s) - 40.00%

Penalty Kill

Blues - 3 on 5 Attempt(s) - 60.00% - Score 0 goal in Penalty Kill
Predators - 3 on 3 Attempt(s) - 100.00% - Score 0 goal in Penalty Kill

Team Stat

Blues - Hits : 19 - Faceoff Wins : 15 - Blocked Shots : 5 - Penalty Minutes : 10
Predators - Hits : 22 - Faceoff Wins : 27 - Blocked Shots : 13 - Penalty Minutes : 6

Official

Referees : Unknown
Linesman : Unknown

Game Notes

No Game Note

Finance

Level 1 -- Attendance: 4770 (79.50%) -- Ticket Income $410,220
Level 2 -- Attendance: 4897 (97.94%) -- Ticket Income $259,541
Level 3 -- Attendance: 1853 (92.65%) -- Ticket Income $57,443
Level 4 -- Attendance: 3438 (85.95%) -- Ticket Income $61,884
Luxury Box -- Attendance: 781 (78.10%) -- Ticket Income $139,799
Game was played at the Gaylord Entertainment Center.
Total Attendance: 15739 (87.44%)
Total Ticket Income: $928,887
Other Income: $455,155
Total Income: $1,384,042

Blues

5 vs 5 Forward 
   Center                   Left Wing                Right Wing               Time % Phy DF OF 
 1 Sean Couturier           Rick Nash                Mark Stone               32     0   2  3  
 2 Artem Anisimov           Tomas Tatar              Brandon Saad             32     0   2  3  
 3 Anders Lee               Johan Franzen            Cam Atkinson             22     0   2  3  
 4 Scott Laughton           Tomas Tatar              Jeremy Morin             14     0   2  3  

5 vs 5 Defense 
   Defense                  Defense                                           Time % Phy DF OF 
 1 Zdeno Chara              Kris Letang                                       33     0   3  2  
 2 Josh Gorges              Hampus Lindholm                                   31     0   3  2  
 3 Mark Fayne               Ryan Ellis                                        24     0   3  2  
 4 Kevan Miller             Josh Gorges                                       12     0   3  2  

PowerPlay Forward 
   Center                   Left Wing                Right Wing               Time % Phy DF OF 
 1 Sean Couturier           Rick Nash                Mark Stone               50     0   1  4  
 2 Anders Lee               Tomas Tatar              Brandon Saad             50     0   1  4  

PowerPlay Defense
   Defense                  Defense                                           Time % Phy DF OF 
 1 Artem Anisimov           Kris Letang                                       50     0   1  4  
 2 Cam Atkinson             Ryan Ellis                                        50     0   1  4  

Penalty Kill 4 Players Forward 
   Center                   Wing                     Time % Phy DF OF 
 1 Sean Couturier           Rick Nash                50     1   4  0  
 2 Artem Anisimov           Brandon Saad             50     1   4  0  

Penalty Kill 4 Players Defense
   Defense                  Defense                  Time % Phy DF OF 
 1 Zdeno Chara              Kris Letang              50     1   4  0  
 2 Josh Gorges              Hampus Lindholm          50     1   4  0  

Penalty Kill - 3 Players Forward 
   Forward                                           Time % Phy DF OF 
 1 Sean Couturier                                    50     1   4  0  
 2 Scott Laughton                                    50     1   4  0  

Penalty Kill - 3 Players Defense
   Defense                  Defense                  Time % Phy DF OF 
 1 Zdeno Chara              Kris Letang              50     1   4  0  
 2 Josh Gorges              Hampus Lindholm          50     1   4  0  

4 vs 4 Forward 
   Center                   Wing                     Time % Phy DF OF 
 1 Artem Anisimov           Mark Stone               50     1   2  2  
 2 Anders Lee               Brandon Saad             50     1   2  2  

4 vs 4 Defense
   Defense                  Defense                  Time % Phy DF OF 
 1 Mark Fayne               Kris Letang              50     1   2  2  
 2 Josh Gorges              Hampus Lindholm          50     1   2  2  

Last Minutes Offensive
   Center                   Left Wing                Right Wing               Defense                  Defense                  
   Sean Couturier           Rick Nash                Brandon Saad             Zdeno Chara              Kris Letang              

Last Minutes Defensive
   Center                   Left Wing                Right Wing               Defense                  Defense                  
   Sean Couturier           Rick Nash                Brandon Saad             Zdeno Chara              Kris Letang              

Goaltenders
Starting : Henrik Lundqvist         
Backup : Frederik Andersen        

Extra Forwards
Normal : Johan Franzen, Scott Laughton, Anders Lee - PP : Tomas Tatar, Cam Atkinson - PK : Mark Stone
Extra Defensemen
Normal : Mark Fayne, Ryan Ellis, Kevan Miller - PP : Mark Fayne - PK : Ryan Ellis, Kevan Miller
Penalty Shots
Rick Nash, Jeremy Morin, Kris Letang, Tomas Tatar, Cam Atkinson

Predators

5 vs 5 Forward 
   Center                   Left Wing                Right Wing               Time % Phy DF OF 
 1 Patrice Bergeron         Valtteri Filppula        Zemgus Girgensons        29     0   1  4  
 2 Tomas Plekanec           Daniel Sedin             Nikolay Kulemin          29     0   2  3  
 3 Eric Fehr                Evander Kane             Andrew Cogliano          26     1   2  2  
 4 Marcus Kruger            Tomas Hertl              Cal Clutterbuck          16     1   3  1  

5 vs 5 Defense 
   Defense                  Defense                                           Time % Phy DF OF 
 1 Roman Josi               Trevor Daley                                      32     0   4  1  
 2 Danny DeKeyser           Matt Niskanen                                     32     0   4  1  
 3 Dan Boyle                Nick Schultz                                      23     0   4  1  
 4 Roman Josi               Matt Niskanen                                     13     0   4  1  

PowerPlay Forward 
   Center                   Left Wing                Right Wing               Time % Phy DF OF 
 1 Tomas Plekanec           Daniel Sedin             Valtteri Filppula        50     0   0  5  
 2 Patrice Bergeron         Evander Kane             Zemgus Girgensons        50     0   1  4  

PowerPlay Defense
   Defense                  Defense                                           Time % Phy DF OF 
 1 Roman Josi               Trevor Daley                                      60     0   1  4  
 2 Matt Niskanen            Dan Boyle                                         40     0   1  4  

Penalty Kill 4 Players Forward 
   Center                   Wing                     Time % Phy DF OF 
 1 Marcus Kruger            Cal Clutterbuck          50     0   4  1  
 2 Eric Fehr                Andrew Cogliano          50     0   4  1  

Penalty Kill 4 Players Defense
   Defense                  Defense                  Time % Phy DF OF 
 1 Roman Josi               Matt Niskanen            55     0   4  1  
 2 Nick Schultz             Trevor Daley             45     0   4  1  

Penalty Kill - 3 Players Forward 
   Forward                                           Time % Phy DF OF 
 1 Marcus Kruger                                     55     0   5  0  
 2 Eric Fehr                                         45     0   5  0  

Penalty Kill - 3 Players Defense
   Defense                  Defense                  Time % Phy DF OF 
 1 Roman Josi               Matt Niskanen            55     0   5  0  
 2 Nick Schultz             Trevor Daley             45     0   5  0  

4 vs 4 Forward 
   Center                   Wing                     Time % Phy DF OF 
 1 Patrice Bergeron         Daniel Sedin             50     0   2  3  
 2 Tomas Plekanec           Valtteri Filppula        50     0   2  3  

4 vs 4 Defense
   Defense                  Defense                  Time % Phy DF OF 
 1 Roman Josi               Matt Niskanen            55     0   3  2  
 2 Danny DeKeyser           Trevor Daley             45     0   4  1  

Last Minutes Offensive
   Center                   Left Wing                Right Wing               Defense                  Defense                  
   Tomas Plekanec           Daniel Sedin             Valtteri Filppula        Roman Josi               Matt Niskanen            

Last Minutes Defensive
   Center                   Left Wing                Right Wing               Defense                  Defense                  
   Patrice Bergeron         Zemgus Girgensons        Andrew Cogliano          Roman Josi               Matt Niskanen            

Goaltenders
Starting : Roberto Luongo           
Backup : Jimmy Howard             

Extra Forwards
Normal : Patrice Bergeron, Valtteri Filppula, Daniel Sedin - PP : Tomas Hertl, Eric Fehr - PK : Tomas Plekanec
Extra Defensemen
Normal : Roman Josi, Matt Niskanen, Trevor Daley - PP : Danny DeKeyser - PK : Danny DeKeyser, Nick Schultz
Penalty Shots
Patrice Bergeron, Zemgus Girgensons, Eric Fehr, Roman Josi, Valtteri Filppula

% Time on Ice - Blues

Lines # - Real PCT - Wanted PCT - Time Play
Normal Forward
1 - 29% - 32% - 13:38
2 - 27% - 32% - 13:05
3 - 25% - 22% - 12:05
4 - 19% - 14% - 8:56
Normal Defense
1 - 31% - 33% - 14:57
2 - 27% - 31% - 12:44
3 - 30% - 24% - 14:23
4 - 12% - 12% - 5:40
PP Forward
1 - 54% - 50% - 3:11
2 - 46% - 50% - 2:46
PP Defense
1 - 63% - 50% - 3:45
2 - 37% - 50% - 2:12
PK Forward
1 - 53% - 50% - 3:21
2 - 47% - 50% - 2:58
PK Defense
1 - 59% - 50% - 3:43
2 - 41% - 50% - 2:36
PK3 Forward
1 - 0% - 50%
2 - 0% - 50%
PK3 Defense
1 - 0% - 50%
2 - 0% - 50%
44 Forward
1 - 0% - 50%
2 - 0% - 50%
44 Defense
1 - 0% - 50%
2 - 0% - 50%
Last Minute Offensive  - 0:00
Last Minute Defensive  - 0:00
Total
Forward - 60:00
Defense - 60:00

% Time on Ice - Predators

Lines # - Real PCT - Wanted PCT - Time Play
Normal Forward
1 - 28% - 29% - 13:10
2 - 28% - 29% - 13:10
3 - 24% - 26% - 11:39
4 - 20% - 16% - 9:45
Normal Defense
1 - 36% - 32% - 17:08
2 - 32% - 32% - 15:13
3 - 27% - 23% - 12:43
4 - 6% - 13% - 2:40
PP Forward
1 - 49% - 50% - 3:04
2 - 51% - 50% - 3:15
PP Defense
1 - 45% - 60% - 2:49
2 - 55% - 40% - 3:30
PK Forward
1 - 48% - 50% - 2:52
2 - 52% - 50% - 3:05
PK Defense
1 - 49% - 55% - 2:54
2 - 51% - 45% - 3:03
PK3 Forward
1 - 0% - 55%
2 - 0% - 45%
PK3 Defense
1 - 0% - 55%
2 - 0% - 45%
44 Forward
1 - 0% - 50%
2 - 0% - 50%
44 Defense
1 - 0% - 55%
2 - 0% - 45%
Last Minute Offensive  - 0:00
Last Minute Defensive  - 0:00
Total
Forward - 60:00
Defense - 60:00

Play by Play

1st period


0:01 of 1st period - Patrice Bergeron wins face-off versus Sean Couturier in neutral zone.
0:24 of 1st period - Slapshot by Mark Stone.
0:24 of 1st period - Deflect By Rick Nash.
0:24 of 1st period - Shot Misses the Net.
0:24 of 1st period - Puck is out of play.
0:25 of 1st period - Tomas Plekanec wins face-off versus Artem Anisimov in Predators zone.
0:27 of 1st period - Minor Penalty to Danny DeKeyser for Goalie Interference.
0:28 of 1st period - Sean Couturier wins face-off versus Cal Clutterbuck in Predators zone.
2:10 of 1st period - Eric Fehr is hit by Rick Nash and loses puck.
2:25 of 1st period - Wrist shot by Tomas Tatar.
2:25 of 1st period - Shot Misses the Net.
2:27 of 1st period - Penalty to Danny DeKeyser is over, Danny DeKeyser is back on ice.
2:27 of 1st period - Slapshot by Cam Atkinson.
2:27 of 1st period - Deflect By Tomas Tatar.
2:27 of 1st period - Stopped by Roberto Luongo with a rebound.
2:29 of 1st period - Wrist shot by Anders Lee.
2:29 of 1st period - Shot Blocked by Eric Fehr.
2:31 of 1st period - Snap shot by Cam Atkinson.
2:31 of 1st period - Shot Blocked by Trevor Daley.
2:33 of 1st period - Slapshot by Brandon Saad.
2:33 of 1st period - Stopped by Roberto Luongo with a rebound.
2:55 of 1st period - Wrist shot by Daniel Sedin.
2:55 of 1st period - Shot Misses the Net.
3:15 of 1st period - Josh Gorges is hit by Nikolay Kulemin and loses puck.
3:32 of 1st period - Patrice Bergeron is hit by Sean Couturier and loses puck.
3:53 of 1st period - Scott Laughton is hit by Nick Schultz and loses puck.
4:02 of 1st period - Zemgus Girgensons is hit by Jeremy Morin and loses puck.
4:11 of 1st period - Zdeno Chara is hit by Zemgus Girgensons and loses puck.
4:50 of 1st period - Snap shot by Artem Anisimov.
4:50 of 1st period - Shot Misses the Net.
4:52 of 1st period - Snap shot by Brandon Saad.
4:52 of 1st period - Shot Blocked by Cal Clutterbuck.
5:23 of 1st period - Tomas Plekanec is hit by Rick Nash and loses puck.
5:48 of 1st period - Hampus Lindholm is hit by Matt Niskanen and loses puck.
6:09 of 1st period - Patrice Bergeron is hit by Anders Lee and loses puck.
6:24 of 1st period - Snap shot by Mark Stone.
6:24 of 1st period - Stopped by Roberto Luongo without a rebound.
6:25 of 1st period - Sean Couturier wins face-off versus Cal Clutterbuck in Predators zone.
6:41 of 1st period - Minor Penalty to Danny DeKeyser for Hooking.
6:42 of 1st period - Marcus Kruger wins face-off versus Anders Lee in Predators zone.
6:55 of 1st period - Wrist shot by Anders Lee.
6:55 of 1st period - Shot Misses the Net.
7:17 of 1st period - Andrew Cogliano is hit by Anders Lee and loses puck.
7:56 of 1st period - Cal Clutterbuck is hit by Mark Stone and loses puck.
8:41 of 1st period - Penalty to Danny DeKeyser is over, Danny DeKeyser is back on ice.
8:49 of 1st period - Slapshot by Mark Stone.
8:49 of 1st period - Stopped by Roberto Luongo with a rebound.
10:15 of 1st period - Snap shot by Zemgus Girgensons.
10:15 of 1st period - Shot Misses the Net.
10:29 of 1st period - Snap shot by Zemgus Girgensons.
10:29 of 1st period - Shot Misses the Net.
11:40 of 1st period - Wrist shot by Anders Lee.
11:40 of 1st period - Deflect By Johan Franzen.
11:40 of 1st period - Stopped by Roberto Luongo without a rebound.
11:41 of 1st period - Tomas Plekanec wins face-off versus Anders Lee in Predators zone.
12:08 of 1st period - Minor Penalty to Tomas Plekanec for Hooking.
12:09 of 1st period - Marcus Kruger wins face-off versus Sean Couturier in Predators zone.
12:39 of 1st period - Cam Atkinson is hit by Andrew Cogliano.
12:52 of 1st period - Tomas Tatar is hit by Cal Clutterbuck and loses puck.
13:17 of 1st period - Snap shot by Rick Nash.
13:17 of 1st period - Stopped by Roberto Luongo without a rebound.
13:18 of 1st period - Sean Couturier wins face-off versus Marcus Kruger in Predators zone.
13:41 of 1st period - Trevor Daley is hit by Mark Stone and loses puck.
14:08 of 1st period - Penalty to Tomas Plekanec is over, Tomas Plekanec is back on ice.
14:10 of 1st period - Backhand shot by Tomas Tatar.
14:10 of 1st period - Shot Misses the Net.
14:29 of 1st period - Slapshot by Johan Franzen.
14:29 of 1st period - Shot Blocked by Eric Fehr.
14:31 of 1st period - Slapshot by Hampus Lindholm.
14:31 of 1st period - Shot Misses the Net.
14:33 of 1st period - Snap shot by Scott Laughton.
14:33 of 1st period - Shot Blocked by Trevor Daley.
14:35 of 1st period - Slapshot by Hampus Lindholm.
14:35 of 1st period - Deflect By Johan Franzen.
14:35 of 1st period - Stopped by Roberto Luongo with a rebound.
14:37 of 1st period - Slapshot by Josh Gorges.
14:37 of 1st period - Shot Blocked by Nick Schultz.
14:39 of 1st period - Snap shot by Josh Gorges.
14:39 of 1st period - Stopped by Roberto Luongo with a rebound.
14:49 of 1st period - Wrist shot by Jeremy Morin.
14:49 of 1st period - Shot Misses the Net.
14:51 of 1st period - Snap shot by Hampus Lindholm.
14:51 of 1st period - Shot Blocked by Trevor Daley.
16:51 of 1st period - Ryan Ellis is hit by Cal Clutterbuck and loses puck.
17:20 of 1st period - Sean Couturier is hit by Tomas Plekanec and loses puck.
17:37 of 1st period - Josh Gorges is hit by Roman Josi and loses puck.
19:21 of 1st period - Sean Couturier is hit by Patrice Bergeron and loses puck.
19:44 of 1st period - Snap shot by Evander Kane.
19:44 of 1st period - Shot Blocked by Rick Nash.
19:46 of 1st period - Slapshot by Matt Niskanen.
19:46 of 1st period - Stopped by Henrik Lundqvist without a rebound.
19:47 of 1st period - Andrew Cogliano wins face-off versus Artem Anisimov in Blues zone.
Goals for this period are 0 for Blues vs 0 for Predators.
Shots for this period are 8 for Blues vs 1 for Predators.

2nd period


0:01 of 2nd period - Eric Fehr wins face-off versus Artem Anisimov in neutral zone.
1:09 of 2nd period - Minor Penalty to Josh Gorges for Hooking.
1:10 of 2nd period - Tomas Plekanec wins face-off versus Sean Couturier in Blues zone.
1:10 of 2nd period - Wrist shot by Valtteri Filppula.
1:10 of 2nd period - Goal by Valtteri Filppula - Blues : 0 - Predators : 1.
1:11 of 2nd period - Eric Fehr wins face-off versus Sean Couturier in neutral zone.
1:33 of 2nd period - Slapshot by Rick Nash.
1:33 of 2nd period - Stopped by Roberto Luongo with a rebound.
1:35 of 2nd period - Slapshot by Josh Gorges.
1:35 of 2nd period - Shot Misses the Net.
1:37 of 2nd period - Snap shot by Sean Couturier.
1:37 of 2nd period - Stopped by Roberto Luongo with a rebound.
1:39 of 2nd period - Snap shot by Rick Nash.
1:39 of 2nd period - Shot Misses the Net.
1:41 of 2nd period - Slapshot by Josh Gorges.
1:41 of 2nd period - Stopped by Roberto Luongo without a rebound.
1:42 of 2nd period - Anders Lee wins face-off versus Tomas Plekanec in Predators zone.
2:05 of 2nd period - Slapshot by Kris Letang.
2:05 of 2nd period - Shot Blocked by Danny DeKeyser.
2:07 of 2nd period - Snap shot by Johan Franzen.
2:07 of 2nd period - Stopped by Roberto Luongo without a rebound.
2:08 of 2nd period - Patrice Bergeron wins face-off versus Artem Anisimov in Predators zone.
2:25 of 2nd period - Snap shot by Patrice Bergeron.
2:25 of 2nd period - Goal by Patrice Bergeron - Blues : 0 - Predators : 2.
2:26 of 2nd period - Artem Anisimov wins face-off versus Eric Fehr in neutral zone.
2:53 of 2nd period - Snap shot by Tomas Tatar.
2:53 of 2nd period - Shot Misses the Net.
2:55 of 2nd period - Slapshot by Hampus Lindholm.
2:55 of 2nd period - Stopped by Roberto Luongo without a rebound.
2:56 of 2nd period - Tomas Plekanec wins face-off versus Sean Couturier in Predators zone.
3:13 of 2nd period - Slapshot by Mark Stone.
3:13 of 2nd period - Goal by Mark Stone - Blues : 1 - Predators : 2.
3:14 of 2nd period - Eric Fehr wins face-off versus Sean Couturier in neutral zone.
3:39 of 2nd period - Wrist shot by Sean Couturier.
3:39 of 2nd period - Shot Misses the Net.
3:41 of 2nd period - Snap shot by Mark Stone.
3:41 of 2nd period - Shot Misses the Net.
3:43 of 2nd period - Slapshot by Zdeno Chara.
3:43 of 2nd period - Shot Blocked by Trevor Daley.
3:45 of 2nd period - Slapshot by Zdeno Chara.
3:45 of 2nd period - Shot Hit the Post.
3:47 of 2nd period - Slapshot by Kris Letang.
3:47 of 2nd period - Deflect By Mark Stone.
3:47 of 2nd period - Shot Misses the Net.
3:47 of 2nd period - Puck is out of play.
3:48 of 2nd period - Artem Anisimov wins face-off versus Patrice Bergeron in Predators zone.
4:50 of 2nd period - Snap shot by Tomas Plekanec.
4:50 of 2nd period - Deflect By Daniel Sedin.
4:50 of 2nd period - Shot Misses the Net.
4:50 of 2nd period - Puck is out of play.
4:51 of 2nd period - Eric Fehr wins face-off versus Sean Couturier in Blues zone.
4:52 of 2nd period - Wrist shot by Evander Kane.
4:52 of 2nd period - Stopped by Henrik Lundqvist with a rebound.
5:02 of 2nd period - Snap shot by Rick Nash.
5:02 of 2nd period - Stopped by Roberto Luongo without a rebound.
5:03 of 2nd period - Sean Couturier wins face-off versus Andrew Cogliano in Predators zone.
5:12 of 2nd period - Slapshot by Rick Nash.
5:12 of 2nd period - Stopped by Roberto Luongo without a rebound.
5:13 of 2nd period - Tomas Plekanec wins face-off versus Anders Lee in Predators zone.
5:22 of 2nd period - Wrist shot by Daniel Sedin.
5:22 of 2nd period - Stopped by Henrik Lundqvist with a rebound.
5:24 of 2nd period - Slapshot by Trevor Daley.
5:24 of 2nd period - Shot Blocked by Hampus Lindholm.
5:26 of 2nd period - Slapshot by Roman Josi.
5:26 of 2nd period - Shot Hit the Post.
6:10 of 2nd period - Snap shot by Rick Nash.
6:10 of 2nd period - Stopped by Roberto Luongo with a rebound.
6:58 of 2nd period - Wrist shot by Tomas Tatar.
6:58 of 2nd period - Shot Misses the Net.
7:00 of 2nd period - Slapshot by Mark Fayne.
7:00 of 2nd period - Shot Misses the Net.
7:06 of 2nd period - Wrist shot by Brandon Saad.
7:06 of 2nd period - Shot Misses the Net.
7:08 of 2nd period - Snap shot by Artem Anisimov.
7:08 of 2nd period - Shot Misses the Net.
7:32 of 2nd period - Wrist shot by Valtteri Filppula.
7:32 of 2nd period - Shot Blocked by Jeremy Morin.
7:51 of 2nd period - Valtteri Filppula is hit by Anders Lee and loses puck.
8:00 of 2nd period - Zemgus Girgensons is hit by Cam Atkinson and loses puck.
9:07 of 2nd period - Brandon Saad is hit by Nikolay Kulemin and loses puck.
10:13 of 2nd period - Josh Gorges is hit by Matt Niskanen and loses puck.
10:26 of 2nd period - Wrist shot by Evander Kane.
10:26 of 2nd period - Stopped by Henrik Lundqvist with a rebound.
10:28 of 2nd period - Slapshot by Trevor Daley.
10:28 of 2nd period - Shot Misses the Net.
10:30 of 2nd period - Slapshot by Roman Josi.
10:30 of 2nd period - Stopped by Henrik Lundqvist with a rebound.
10:32 of 2nd period - Snap shot by Evander Kane.
10:32 of 2nd period - Stopped by Henrik Lundqvist without a rebound.
10:33 of 2nd period - Eric Fehr wins face-off versus Anders Lee in Blues zone.
11:07 of 2nd period - Cal Clutterbuck is hit by Sean Couturier and loses puck.
11:12 of 2nd period - Slapshot by Mark Stone.
11:12 of 2nd period - Stopped by Roberto Luongo with a rebound.
11:37 of 2nd period - Patrice Bergeron is hit by Mark Fayne and loses puck.
12:42 of 2nd period - Snap shot by Rick Nash.
12:42 of 2nd period - Stopped by Roberto Luongo with a rebound.
13:06 of 2nd period - Eric Fehr is hit by Anders Lee.
13:12 of 2nd period - Eric Fehr is hit by Johan Franzen and loses puck.
13:23 of 2nd period - Wrist shot by Trevor Daley.
13:23 of 2nd period - Stopped by Henrik Lundqvist with a rebound.
13:25 of 2nd period - Minor Penalty to Jeremy Morin for Hooking.
13:26 of 2nd period - Artem Anisimov wins face-off versus Zemgus Girgensons in Blues zone.
14:10 of 2nd period - Artem Anisimov is hit by Roman Josi and loses puck.
14:39 of 2nd period - Snap shot by Patrice Bergeron.
14:39 of 2nd period - Stopped by Henrik Lundqvist without a rebound.
14:40 of 2nd period - Sean Couturier wins face-off versus Patrice Bergeron in Blues zone.
15:11 of 2nd period - Rick Nash is hit by Matt Niskanen and loses puck.
15:25 of 2nd period - Penalty to Jeremy Morin is over, Jeremy Morin is back on ice.
15:34 of 2nd period - Slapshot by Roman Josi.
15:34 of 2nd period - Stopped by Henrik Lundqvist without a rebound.
15:35 of 2nd period - Marcus Kruger wins face-off versus Anders Lee in Blues zone.
16:00 of 2nd period - Slapshot by Marcus Kruger.
16:00 of 2nd period - Shot Blocked by Anders Lee.
17:56 of 2nd period - Minor Penalty to Zdeno Chara for Hooking.
17:57 of 2nd period - Artem Anisimov wins face-off versus Tomas Plekanec in Blues zone.
18:17 of 2nd period - Wrist shot by Daniel Sedin.
18:17 of 2nd period - Goal by Daniel Sedin - Blues : 1 - Predators : 3.
18:18 of 2nd period - Eric Fehr wins face-off versus Artem Anisimov in neutral zone.
19:41 of 2nd period - Trevor Daley is hit by Zdeno Chara and loses puck.
19:56 of 2nd period - Snap shot by Daniel Sedin.
19:56 of 2nd period - Stopped by Henrik Lundqvist without a rebound.
19:57 of 2nd period - Tomas Plekanec wins face-off versus Anders Lee in Blues zone.
Goals for this period are 1 for Blues vs 3 for Predators.
Shots for this period are 11 for Blues vs 12 for Predators.

3rd period


0:01 of 3rd period - Artem Anisimov wins face-off versus Andrew Cogliano in neutral zone.
0:10 of 3rd period - Hampus Lindholm is hit by Evander Kane and loses puck.
0:53 of 3rd period - Hampus Lindholm is hit by Matt Niskanen and loses puck.
1:15 of 3rd period - Dan Boyle is hit by Mark Stone and loses puck.
2:36 of 3rd period - Snap shot by Tomas Tatar.
2:36 of 3rd period - Stopped by Roberto Luongo without a rebound.
2:37 of 3rd period - Artem Anisimov wins face-off versus Eric Fehr in Predators zone.
2:46 of 3rd period - Kris Letang is hit by Andrew Cogliano and loses puck.
2:51 of 3rd period - Snap shot by Evander Kane.
2:51 of 3rd period - Shot Misses the Net.
2:53 of 3rd period - Snap shot by Evander Kane.
2:53 of 3rd period - Shot Misses the Net.
3:12 of 3rd period - Off-side.
3:13 of 3rd period - Tomas Plekanec wins face-off versus Anders Lee in neutral zone.
4:14 of 3rd period - Snap shot by Zemgus Girgensons.
4:14 of 3rd period - Shot Misses the Net.
4:16 of 3rd period - Slapshot by Roman Josi.
4:16 of 3rd period - Stopped by Henrik Lundqvist with a rebound.
4:18 of 3rd period - Slapshot by Roman Josi.
4:18 of 3rd period - Stopped by Henrik Lundqvist without a rebound.
4:19 of 3rd period - Marcus Kruger wins face-off versus Artem Anisimov in Blues zone.
4:45 of 3rd period - Slapshot by Roman Josi.
4:45 of 3rd period - Stopped by Henrik Lundqvist with a rebound.
4:47 of 3rd period - Wrist shot by Marcus Kruger.
4:47 of 3rd period - Stopped by Henrik Lundqvist without a rebound.
4:48 of 3rd period - Sean Couturier wins face-off versus Patrice Bergeron in Blues zone.
4:50 of 3rd period - Minor Penalty to Kris Letang for Interference.
4:51 of 3rd period - Tomas Plekanec wins face-off versus Sean Couturier in Blues zone.
5:09 of 3rd period - Backhand shot by Rick Nash.
5:09 of 3rd period - Shot Misses the Net.
5:11 of 3rd period - Slapshot by Hampus Lindholm.
5:11 of 3rd period - Deflect By Roman Josi.
5:11 of 3rd period - Stopped by Roberto Luongo without a rebound.
5:12 of 3rd period - Patrice Bergeron wins face-off versus Artem Anisimov in Predators zone.
5:45 of 3rd period - Ryan Ellis is hit by Evander Kane and loses puck.
6:12 of 3rd period - Snap shot by Tomas Plekanec.
6:12 of 3rd period - Shot Misses the Net.
6:14 of 3rd period - Slapshot by Matt Niskanen.
6:14 of 3rd period - Shot Misses the Net.
6:30 of 3rd period - Valtteri Filppula is hit by Rick Nash and loses puck.
6:50 of 3rd period - Penalty to Kris Letang is over, Kris Letang is back on ice.
7:13 of 3rd period - Slapshot by Johan Franzen.
7:13 of 3rd period - Shot Blocked by Dan Boyle.
7:15 of 3rd period - Snap shot by Anders Lee.
7:15 of 3rd period - Stopped by Roberto Luongo without a rebound.
7:16 of 3rd period - Johan Franzen wins face-off versus Marcus Kruger in Predators zone.
7:27 of 3rd period - Snap shot by Tomas Hertl.
7:27 of 3rd period - Stopped by Henrik Lundqvist with a rebound.
7:29 of 3rd period - Snap shot by Marcus Kruger.
7:29 of 3rd period - Deflect By Tomas Hertl.
7:29 of 3rd period - Shot Blocked by Kevan Miller.
7:29 of 3rd period - Puck is out of play.
7:30 of 3rd period - Marcus Kruger wins face-off versus Scott Laughton in Blues zone.
7:31 of 3rd period - Snap shot by Tomas Hertl.
7:31 of 3rd period - Stopped by Henrik Lundqvist without a rebound.
7:32 of 3rd period - Cal Clutterbuck wins face-off versus Scott Laughton in Blues zone.
8:41 of 3rd period - Minor Penalty to Sean Couturier for Diving.
8:42 of 3rd period - Patrice Bergeron wins face-off versus Mark Stone in Blues zone.
9:16 of 3rd period - Wrist shot by Artem Anisimov.
9:16 of 3rd period - Stopped by Roberto Luongo with a rebound.
9:37 of 3rd period - Kris Letang is hit by Matt Niskanen and loses puck.
10:08 of 3rd period - Wrist shot by Brandon Saad.
10:08 of 3rd period - Shot Misses the Net.
10:41 of 3rd period - Penalty to Sean Couturier is over, Sean Couturier is back on ice.
11:07 of 3rd period - Wrist shot by Johan Franzen.
11:07 of 3rd period - Shot Hit the Post.
11:35 of 3rd period - Wrist shot by Tomas Hertl.
11:35 of 3rd period - Stopped by Henrik Lundqvist without a rebound.
11:36 of 3rd period - Cal Clutterbuck wins face-off versus Artem Anisimov in Blues zone.
12:37 of 3rd period - Wrist shot by Jeremy Morin.
12:37 of 3rd period - Shot Blocked by Evander Kane.
13:51 of 3rd period - Wrist shot by Tomas Tatar.
13:51 of 3rd period - Shot Blocked by Tomas Plekanec.
13:53 of 3rd period - Slapshot by Ryan Ellis.
13:53 of 3rd period - Stopped by Roberto Luongo with a rebound.
15:01 of 3rd period - Anders Lee is hit by Patrice Bergeron and loses puck.
15:14 of 3rd period - Andrew Cogliano is hit by Kris Letang.
15:18 of 3rd period - Snap shot by Evander Kane.
15:18 of 3rd period - Stopped by Henrik Lundqvist without a rebound.
15:19 of 3rd period - Sean Couturier wins face-off versus Andrew Cogliano in Blues zone.
16:08 of 3rd period - Kris Letang is hit by Nikolay Kulemin and loses puck.
18:14 of 3rd period - Icing by Cam Atkinson.
18:15 of 3rd period - Marcus Kruger wins face-off versus Anders Lee in Blues zone.
18:40 of 3rd period - Johan Franzen is hit by Cal Clutterbuck and loses puck.
19:21 of 3rd period - Snap shot by Rick Nash.
19:21 of 3rd period - Shot Misses the Net.
19:23 of 3rd period - Snap shot by Rick Nash.
19:23 of 3rd period - Shot Misses the Net.
19:25 of 3rd period - Snap shot by Mark Fayne.
19:25 of 3rd period - Shot Misses the Net.
19:27 of 3rd period - Snap shot by Mark Fayne.
19:27 of 3rd period - Stopped by Roberto Luongo with a rebound.
19:29 of 3rd period - Slapshot by Ryan Ellis.
19:29 of 3rd period - Shot Blocked by Evander Kane.
19:31 of 3rd period - Wrist shot by Sean Couturier.
19:31 of 3rd period - Stopped by Roberto Luongo with a rebound.
19:53 of 3rd period - Nikolay Kulemin is hit by Scott Laughton and loses puck.
Goals for this period are 0 for Blues vs 0 for Predators.
Shots for this period are 7 for Blues vs 8 for Predators.